 Dungeon Crawl Stone Soup version 0.28.0-53-g5a82cb258f (webtiles) character file.

Game seed: 13358307094749743357

1843 Spectrina the Schismatic (level 9, 0/61 (63) HPs)
             Began as a Human Monk on May 28, 2022.
             Was an Elder of Lugonu.
             Slain by a wight
             ... wielding a +1 great sword
              (11 damage)
             ... on level 6 of the Dungeon.
             The game lasted 00:33:09 (3561 turns).

Spectrina the Schismatic (Human Monk)               Turns: 3561, Time: 00:33:10

HP:   0/61 (63)     AC: 11    Str: 15    XL:     9   Next: 33%
MP:   17/17         EV: 10    Int: 17    God:    Lugonu [****..]
Gold: 218           SH:  0    Dex: 16    Spells: 8/8 levels left

rFire   . . .      SeeInvis .   a - +1 short sword (elec)
rCold   . . .      Faith    .   (no shield)
rNeg    . . .      Spirit   .   G - +0 scale mail
rPois   .          Reflect  .   v - +2 hat
rElec   .          Harm     .   y - +2 cloak
rCorr   .          Rampage  .   (no gloves)
Will    .....                   (no boots)
Stlth   ++........              (no amulet)
HPRegen 0.20/turn               f - +6 ring of intelligence
MPRegen 0.15/turn               (no ring)

@: lightly drained
A: no striking features
a: Renounce Religion, Depart the Abyss, Bend Space, Banish, Corrupt


You were on level 6 of the Dungeon.
You worshipped Lugonu.
Lugonu was greatly pleased with you.
You visited 1 branch of the dungeon, and saw 6 of its levels.

You collected 218 gold pieces.

Inventory:

Hand Weapons
 a - a +1 short sword of electrocution (weapon)
 b - a +0 hunting sling of chaos
 h - a +0 spear
 s - a +0 mace
 t - a +2 short sword of draining
 u - a +2 dagger of draining
 z - a +0 morningstar
 A - a +0 hand crossbow
 F - a +0 shortbow
Missiles
 j - 55 arrows
 k - 56 bolts
 l - 37 sling bullets
 n - 91 stones (quivered)
 o - 3 boomerangs
 x - a curare-tipped dart
 C - 6 poisoned darts
Armour
 i - a +0 ring mail
 r - a +1 robe
 v - a +2 hat (worn)
 y - a +2 cloak (worn)
 G - a +0 scale mail (worn)
Jewellery
 f - a +6 ring of intelligence (left hand)
Scrolls
 c - a scroll of fog
 g - 3 scrolls of amnesia
 q - a scroll of identify {unknown}
 D - a scroll of enchant armour
Potions
 d - a potion of mutation {unknown}
 e - a potion of resistance
 m - a potion of degeneration {unknown}
 p - a potion of cancellation
 w - 2 potions of curing
 B - a potion of heal wounds
 E - a potion of flight


   Skills:
 - Level 3.0 Fighting
 + Level 0.3 Short Blades
 - Level 4.9 Maces & Flails
 - Level 3.0 Dodging
 - Level 5.0 Stealth
 * Level 10.7 Invocations


You had 8 spell levels left.
You didn't know any spells.
Your spell library was empty.

Dungeon Overview and Level Annotations

Branches:
Dungeon (6/15)             Temple (0/1) D:6

Altars:
Dithmenos
Qazlal
The Shining One
Lugonu

Annotations:
D:3 2 transporters
Abyss:1 Grinder


Message History

a - a +1 short sword of electrocution (weapon)
You hit the wight.
The wight is moderately damaged.
The wight barely misses you.
You barely miss the wight.
The wight is moderately damaged.
The wight hits you with a +1 great sword!
You hit the wight but do no damage.
The wight is moderately damaged.
The wight barely misses you.
You barely miss the wight.
The wight is moderately damaged.
The wight hits you with a +1 great sword!
* * * LOW HITPOINT WARNING * * *
The wight hits you with a +1 great sword.
* * * LOW HITPOINT WARNING * * *
You feel drained.
* * * LOW HITPOINT WARNING * * *
You hit the wight but do no damage.
The wight is moderately damaged.
The wight hits you but does no damage.
You hit the wight but do no damage.
The wight is moderately damaged.
The wight hits you with a +1 great sword.
* * * LOW HITPOINT WARNING * * *
Unknown command.
You hit the wight but do no damage.
The wight is moderately damaged.
The wight hits you with a +1 great sword.
* * * LOW HITPOINT WARNING * * *
You feel drained.
* * * LOW HITPOINT WARNING * * *
Unknown command.
You closely miss the wight.
The wight is moderately damaged.
The wight hits you but does no damage.
You closely miss the wight.
The wight is moderately damaged.
The wight hits you with a +1 great sword!
You die...

..###........###
###..#####
.#.#.#...##....#
###>##
...#...........###...#
#..#..#####..##....###
...... ##.##.####
##...# #.....# # #.
#.....# ###.....#
.......@# ####....z#
#.....# #$....#
#....(. #....(#.
#....(# .....(.


You could see a wight.

Vanquished Creatures
  A water moccasin (D:5)
  A sky beast (D:6)
  2 ogres
  A centaur (D:6)
  A scorpion (D:4)
  A water moccasin skeleton (D:5)
  A wight (D:6)
  2 centaur zombies (D:5)
  2 jellies
  An orc priest (D:6)
  2 centaur skeletons
  3 hounds
  5 iguanas
  2 orc wizards (D:4)
  A howler monkey skeleton (D:5)
  5 adders
  2 shadow imps (D:6)
  A white imp (D:6)
  An ufetubus (D:6)
  3 worms
  3 dart slugs
  9 orcs
  7 endoplasms
  2 giant cockroaches
  7 goblins
  5 hobgoblins
  7 kobolds
  A quokka (D:5)
  3 ball pythons
  4 bats
  A frilled lizard (D:2)
  3 rats
90 creatures vanquished.

Vanquished Creatures (collateral kills)
  A kobold brigand (D:6)
  3 orcs (D:6)
4 creatures vanquished.

Vanquished Creatures (others)
  A fungus (D:1)
1 creature vanquished.

Grand Total: 95 creatures vanquished

Notes
Turn   | Place    | Note
-------+----------+-------------------------------------------
     0 | D:1      | Spectrina the Human Monk began the quest for the Orb.
     0 | D:1      | Reached XP level 1. HP: 18/18 MP: 1/1
   149 | D:2      | Reached XP level 2. HP: 18/24 MP: 2/2
   347 | D:2      | HP: 1/24 [hobgoblin (2)]
   568 | D:1      | Reached XP level 3. HP: 19/29 MP: 3/3
   749 | D:1      | Found a faded altar of an unknown god.
   759 | D:1      | Prayed at the altar of an unknown god.
   759 | D:1      | Became a worshipper of Lugonu the Unformed
   759 | D:1      | Reached * piety under Lugonu
   759 | D:1      | Reached ** piety under Lugonu
   759 | D:1      | Reached *** piety under Lugonu
   859 | D:2      | Reached skill level 1 in Invocations
   974 | D:3      | Found a transporter.
  1035 | D:2      | Reached XP level 4. HP: 17/35 MP: 3/5
  1138 | D:3      | Found a transporter.
  1143 | D:3      | Noticed a kobold demonologist
  1165 | D:3      | Reached skill level 2 in Invocations
  1224 | D:3      | Found a stormy altar of Qazlal.
  1392 | D:3      | Reached XP level 5. HP: 16/41 MP: 6/6
  1424 | D:3      | Reached **** piety under Lugonu
  1456 | D:3      | Reached skill level 3 in Invocations
  1896 | D:4      | Reached skill level 4 in Invocations
  1896 | D:4      | Reached XP level 6. HP: 29/47 MP: 7/9
  2034 | D:5      | Entered Level 5 of the Dungeon
  2150 | D:5      | Found a glowing golden altar of the Shining One.
  2154 | D:5      | Noticed Grinder
  2211 | D:6      | Noticed a komodo dragon
  2213 | D:6      | Banished a komodo dragon
  2214 | D:6      | Reached skill level 6 in Invocations
  2214 | D:6      | Reached XP level 7. HP: 41/52 MP: 5/12
  2267 | D:4      | Reached skill level 7 in Invocations
  2606 | D:5      | Reached XP level 8. HP: 46/58 MP: 13/13
  2712 | D:5      | Reached skill level 8 in Invocations
  2898 | D:5      | Banished Grinder
  2931 | D:5      | Reached skill level 9 in Invocations
  3045 | D:6      | Found a staircase to the Ecumenical Temple.
  3099 | D:6      | Found a shadowy altar of Dithmenos.
  3225 | D:6      | Reached XP level 9. HP: 33/63 MP: 16/16
  3252 | D:6      | Reached skill level 10 in Invocations
  3276 | D:6      | Reached skill level 5 in Stealth
  3561 | D:6      | Slain by a wight

Illustrated notes

Levels and vault maps discovered:
D:1:      dpeg_chamrin_arrival_tetris, layout_rooms,
          dreamdust_ecumenical_altar_hidden_monk_grotto
D:2:      layout_basic
D:3:      gammafunk_wand_slinger, layout_loops_ring,
          nicolae_qazlal_general_emergency
D:4:      layout_rooms
D:5:      minmay_diamond_boxcup, layout_loops_cross, lemuel_crystal_altar,
          uniq_grinder
D:6:      layout_rooms, nicolae_dithmenos_the_darkroom,
          minmay_temple_entry_arrows, minmay_diced_spiral

Skill      XL: |  1  2  3  4  5  6  7  8  9 |
---------------+----------------------------+-----
Maces & Flails | 4 |  4.9
Invocations    | 1 2 4 6 7 9 10 | 10.7
Stealth        | 4 5 |  5.0
Fighting       | |  3.0
Short Blades   | |  0.3
Dodging        | |  3.0

Action                   |  1- 3 |  4- 6 |  7- 9 || total
-------------------------+-------+-------+-------++-------
Melee: Mace              |    92 |    73 |    13 ||   178
       Punch             |     1 |     3 |     1 ||     5
       Dagger            |       |    27 |   115 ||   142
       Morningstar       |       |       |    30 ||    30
       Short sword       |       |       |    30 ||    30
 Fire: Hunting sling     |       |    37 |    54 ||    91
Throw: Dart              |     7 |     2 |     4 ||    13
Invok: Banish            |       |     2 |     2 ||     4
  Use: Scroll            |     3 |       |     7 ||    10
       Potion            |       |     4 |     5 ||     9
 Stab: Sleeping          |     5 |     6 |     3 ||    14
Armor: Robe              |     8 |    20 |     8 ||    36
       Ring mail         |       |       |    85 ||    85
       Scale mail        |       |       |     2 ||     2
Dodge: Dodged            |    59 |    63 |   146 ||   268
